 Dungeon Crawl Stone Soup version 0.21.1-1-g345015fe64 (webtiles) character file.

81 PikkenKukken the Shield-Bearer (level 4, -4/33 HPs)
             Began as a Formicid Fighter on June 25, 2018.
             Was an Initiate of Hepliaklqana.
             Killed from afar by an orc wizard (6 damage)
             ... with a puff of flame
             ... on level 2 of the Dungeon.
             The game lasted 00:03:05 (729 turns).

PikkenKukken the Shield-Bearer (Formicid Fighter)    Turns: 729, Time: 00:03:06

Health: -4/33      AC:  7    Str: 21    XL:     4   Next: 68%
Magic:  4/4        EV:  8    Int:  8    God:    Hepliaklqana [......]
Gold:   82         SH:  9    Dex: 10    Spells: 3/3 levels left

rFire    . . .     SeeInvis +   a - +0 war axe
rCold    . . .     Gourm    .   c - +0 shield
rNeg     . . .     Faith    .   b - +0 scale mail
rPois    .         Spirit   .   (helmet unavailable)
rElec    .         Reflect  .   (no cloak)
rCorr    .         Harm     .   (no gloves)
MR       .....                  (no boots)
Stlth    ..........             (no amulet)
HPRegen  0.11/turn              (no ring)
MPRegen  0.09/turn              (no ring)

@: no status effects
A: permanent stasis, dig shafts and tunnels, four strong arms, reduced essence,
antennae 3
a: Dig, Shaft Self, Recall Ancestor, Ancestor Identity, Renounce Religion


You were on level 2 of the Dungeon.
You worshipped Hepliaklqana.
Hepliaklqana was noncommittal.
You were not hungry.

You visited 1 branch of the dungeon, and saw 2 of its levels.

You collected 82 gold pieces.

Inventory:

Hand Weapons
 a - a +0 war axe (weapon)
Armour
 b - a +0 scale mail (worn)
 c - a +0 shield (worn)
Scrolls
 j - a scroll of identify
Potions
 d - a potion of might
 e - a potion of agility
 h - a potion of curing
Comestibles
 f - a ration
 g - a chunk of flesh


   Skills:
 + Level 3.9 Fighting
 + Level 2.5 Axes
 + Level 1.0 Throwing
 + Level 3.7 Armour
 - Level 0.1 Dodging
 + Level 4.5 Shields


You had 3 spell levels left.
You didn't know any spells.

Dungeon Overview and Level Annotations

Branches:
Dungeon (2/15)

Altars:
Hepliaklqana


Innate Abilities, Weirdness & Mutations

You cannot be hasted, slowed, berserked, paralysed or teleported.
You can dig through walls and to a lower floor.
Your four strong arms can wield two-handed weapons with a shield.
You have a pair of large antennae on your head. (SInv)
Your life essence is reduced to manifest your ancestor. (-10% HP)


Message History

The orc wizard casts a spell at you. The magic dart hits you!
* * * LOW HITPOINT WARNING * * *
Izel barely misses the orc wizard.
The orc wizard hits Izel with a dagger of protection.
Izel is destroyed!
You closely miss the orc wizard.
The orc wizard is almost dead.
You block the orc wizard's attack. The orc wizard hits you with a dagger.
* * * LOW HITPOINT WARNING * * *
You block the orc wizard's attack.
You closely miss the orc wizard.
The orc wizard is almost dead.
The orc wizard points at you and mumbles some strange words.
The magic dart hits you!
* * * LOW HITPOINT WARNING * * *
The orc wizard hits you but does no damage.
The orc wizard casts a spell at you. The puff of flame hits you!
You die...

#####.###.#. #...........
#.......#### #.......#
###..)....## { #..........# {
#..........#
####################..........#
...........)oo..@o.=..........#
....o#################.)......#
#o.. #....)...# ..o #####....#
.o #....# . #....# #....#
######


You could see 2 orc wizards and an orc.

Vanquished Creatures
  An orc priest (D:2)
  An adder (D:2)
  An ooze (D:2)
  2 dart slugs (D:1)
  3 goblins (D:1)
  5 hobgoblins (D:1)
  5 jackals (D:1)
  4 kobolds (D:1)
  3 bats (D:1)
  4 frilled lizards (D:1)
  4 rats (D:1)
33 creatures vanquished.

Vanquished Creatures (collateral kills)
  An orc (D:2)
1 creature vanquished.

Vanquished Creatures (others)
  An ancestor (D:2)
1 creature vanquished.

Grand Total: 35 creatures vanquished

Notes
Turn   | Place    | Note
-------+----------+-------------------------------------------
     0 | D:1      | PikkenKukken the Formicid Fighter began the quest for the Orb.
     0 | D:1      | Reached XP level 1. HP: 18/18 MP: 1/1
    28 | D:1      | Reached XP level 2. HP: 19/24 MP: 2/2
    35 | D:1      | Reached skill level 4 in Shields
   249 | D:1      | Reached XP level 3. HP: 19/29 MP: 3/3
   613 | D:2      | Found a hazy altar of Hepliaklqana.
   636 | D:2      | Became a worshipper of Hepliaklqana the Forgotten
   711 | D:2      | Reached XP level 4. HP: 26/33 MP: 4/4
   720 | D:2      | Reached skill level 1 in Throwing
   729 | D:2      | Killed from afar by an orc wizard

Skill      XL: |  1  2  3  4 |
---------------+-------------+-----
Shields        | 4 |  4.5
Throwing       | 1 |  1.0
Fighting       | |  3.9
Axes           | |  2.5
Armour         | |  3.7
Dodging        | |  0.1

Action                   |  1- 3 |  4- 6 || total
-------------------------+-------+-------++-------
Melee: War axe           |   131 |    12 ||   143
  Use: Scroll            |     3 |       ||     3
       Potion            |     3 |       ||     3
Armor: Scale mail        |    68 |     1 ||    69
Dodge: Dodged            |    75 |     5 ||    80
Block: Shield            |   103 |     8 ||   111
